 Dungeon Crawl Stone Soup version 0.27-a0-1586-gd5c625afe7 (webtiles) character file.

Game seed: 16603488777389508034

1650 HAL9000 the Cutter (level 9, -10/44 HPs)
             Began as a Vine Stalker Brigand on July 18, 2021.
             Mangled by a two-headed ogre (15 damage)
             ... on level 6 of the Dungeon.
             The game lasted 00:12:49 (4893 turns).

HAL9000 the Cutter (Vine Stalker Brigand)           Turns: 4893, Time: 00:12:49

Health: -10/44     AC:  5    Str: 16    XL:     9   Next: 0%
Magic:  0/10       EV: 11    Int: 12    God:
Gold:   206        SH:  0    Dex: 16    Spells: 8/8 levels left

rFire    . . .     SeeInvis +   a - +2 dagger
rCold    . . .     Faith    .   (no shield)
rNeg     . . .     Spirit   +   b - +0 robe
rPois    .         Reflect  .   l - +1 helmet
rElec    .         Harm     .   c - +0 cloak
rCorr    .         Rampage  .   (no gloves)
Will     +....                  (no boots)
Stlth    +++.......             (no amulet)
HPRegen  1.14/turn              o - ring of see invisible
MPRegen  0.12/turn              (no ring)

@: no status effects
A: fangs 3, regeneration 1, magic shield, antimagic bite, no potion heal 2
a: no special abilities


You were on level 6 of the Dungeon.
You visited 1 branch of the dungeon, and saw 9 of its levels.

You collected 206 gold pieces.

Inventory:

Hand Weapons
 a - a +2 dagger (weapon)
Missiles
 t - 3 silver boomerangs (quivered)
 A - 2 javelins
Armour
 b - a +0 robe (worn)
 c - a +0 cloak (worn)
 l - a +1 helmet (worn)
Jewellery
 o - a ring of see invisible (left hand)
Wands
 p - a wand of charming (8)
Scrolls
 f - 6 scrolls of identify
 j - a scroll of enchant armour
 k - 2 scrolls of vulnerability
 u - 2 scrolls of magic mapping
 y - 3 scrolls of holy word {unknown}
Potions
 g - a potion of lignification {unknown}
 h - 2 potions of degeneration
 i - a potion of magic
 n - a potion of ambrosia
 q - a potion of flight {unknown}
 r - 2 potions of haste {unknown}
 s - a potion of resistance {unknown}
 v - a potion of brilliance {unknown}
 w - 2 potions of curing {unknown}
 z - a potion of attraction {unknown}


   Skills:
 + Level 3.5 Fighting
 + Level 7.8 Short Blades
 - Level 6.1 Throwing
 - Level 0.7 Dodging
 - Level 4.8 Stealth


You had 8 spell levels left.
You didn't know any spells.
Your spell library contained the following spells:

 Spells                   Type           Power      Damage    Failure   Level
 Foxfire                  Conj/Fire      0%         2x1d4     32%         1


Dungeon Overview and Level Annotations

Branches:
Dungeon (9/15)
 Temple: D:4-7         Lair: D:8-11         Orc: D:9-12

Altars:
Dithmenos
Gozag
Hepliaklqana
Makhleb
Okawaru
Qazlal
Ru
Uskayaw
The Shining One

Shops:
D:2 (   D:5 :   D:8 *

Annotations:
D:3 3 runed translucent doors, anet's ghost, amateur GnDe


Innate Abilities, Weirdness & Mutations

You have razor-sharp teeth.
Your natural rate of healing is unusually fast.
When hurt, damage is shared between your health and your magic reserves.
Your bite disrupts and absorbs the magic of your enemies.
Potions cannot restore your health.


Message History

You feel stronger.
Unknown command.
The two-headed ogre closely misses you. x2
You throw a poisoned dart.
The poisoned dart hits the two-headed ogre!
The two-headed ogre is poisoned.
You throw a poisoned dart.
The poisoned dart hits the two-headed ogre!
The two-headed ogre looks as sick as possible!
The two-headed ogre is lightly wounded.
The two-headed ogre barely misses you. x2
You throw a poisoned dart.
The poisoned dart hits the two-headed ogre.
The two-headed ogre looks as sick as possible!
The two-headed ogre is heavily wounded.
You throw a poisoned dart.
The poisoned dart hits the two-headed ogre.
The two-headed ogre is heavily wounded.
The two-headed ogre hits you with a +0 giant club!
The two-headed ogre hits you with a +0 giant club.
You throw a silver boomerang.
The silver boomerang hits the two-headed ogre.
The two-headed ogre is heavily wounded.
The two-headed ogre barely misses you.
The two-headed ogre hits you with a +0 giant club!
You throw a silver boomerang.
The silver boomerang hits the two-headed ogre!
The two-headed ogre is severely wounded.
You throw a silver boomerang.
The silver boomerang hits the two-headed ogre.
The two-headed ogre is almost dead.
The two-headed ogre misses you.
The two-headed ogre hits you with a +0 giant club!
You are too injured to fight recklessly!
You hit the two-headed ogre.
The two-headed ogre is almost dead.
The two-headed ogre hits you with a +0 giant club!
* * * LOW HITPOINT WARNING * * *
The two-headed ogre hits you with a +0 giant club!
You die...

..[......########.#
..............>...#
..........O....####
.........#####.#
.<.......# #(###
.........# #(#<#
########## #.#.#
#.#.# #.#@########
#.#.O......#
######**
#)######.###
......,* #.# #.#
......,* #.# #.#
......,* #.# #.#
...[..,* #.# #.#
......,* #(# #.#
......,* #.# #.#


You could see a two-headed ogre (very poisoned).

Vanquished Creatures
  Grinder (D:6)
  An ice beast (D:5)
  2 black bears (D:6)
  An orc warrior (D:6)
  A killer bee (D:8)
  A sky beast (D:6)
  3 ogres (D:6)
  A kobold brigand (D:7)
  A scorpion (D:5)
  2 wights (D:6)
  2 hounds (D:6)
  2 orc priests
  A centaur skeleton (D:5)
  3 orc wizards
  A hound skeleton (D:3)
  4 gnolls
  4 adders
  A river rat (D:5)
  2 white imps
  An ufetubus (D:5)
  An adder skeleton (D:4)
  2 worms (D:3)
  2 dart slugs
  6 orcs
  8 endoplasms
  3 giant cockroaches
  3 goblins
  5 hobgoblins
  14 jackals
  7 kobolds
  5 quokkas
  4 ball pythons
  3 bats
  2 frilled lizards
  2 rats
102 creatures vanquished.

Vanquished Creatures (collateral kills)
  A killer bee (D:8)
1 creature vanquished.

Vanquished Creatures (others)
  2 killer bees (D:8)
  3 fungi (D:3)
  A plant (D:3)
6 creatures vanquished.

Grand Total: 109 creatures vanquished

Notes
Turn   | Place    | Note
-------+----------+-------------------------------------------
     0 | D:1      | HAL9000 the Vine Stalker Brigand began the quest for the
                  | Orb.
     0 | D:1      | Reached XP level 1. HP: 11/11 MP: 2/2
   218 | D:1      | Reached XP level 2. HP: 10/15 MP: 1/3
  1034 | D:2      | Reached XP level 3. HP: 18/18 MP: 4/4
  1359 | D:2      | Found Noc Suo's Antique Weapon Boutique.
  1654 | D:3      | Gained mutation: Your natural rate of healing is unusually
                  | fast. [Vine Stalker growth]
  1654 | D:3      | Reached XP level 4. HP: 11/23 MP: 2/5
  1739 | D:3      | Found a runed translucent gate.
  1744 | D:3      | Noticed an ogre
  1783 | D:3      | Found a runed translucent gate.
  1783 | D:3      | Noticed anet's ghost (amateur GnDe)
  1784 | D:3      | Found a runed translucent gate.
  1786 | D:3      | You fall into a shaft and drop 1 floor!
  1787 | D:4      | Found a sacrificial altar of Ru.
  1927 | D:3      | Reached XP level 5. HP: 23/26 MP: 4/6
  1998 | D:3      | Found a hide-covered altar of Uskayaw.
  2227 | D:3      | Reached skill level 5 in Throwing
  2233 | D:3      | Found a faded altar of an unknown god.
  2237 | D:3      | Got Plato's Papyrus of Attacks
  2404 | D:3      | Found a hazy altar of Hepliaklqana.
  2603 | D:4      | Found a shadowy altar of Dithmenos.
  2611 | D:4      | Found a glowing golden altar of the Shining One.
  2612 | D:4      | Found an opulent altar of Gozag.
  2612 | D:4      | Found an iron altar of Okawaru.
  3048 | D:5      | Entered Level 5 of the Dungeon
  3090 | D:5      | Found Luxallak's Book Boutique.
  3123 | D:5      | Reached XP level 6. HP: 30/30 MP: 7/7
  3168 | D:5      | Found a burning altar of Makhleb.
  3233 | D:5      | Found a stormy altar of Qazlal.
  3448 | D:5      | Found a glowing drain.
  3468 | D:5      | Noticed an ice beast
  3486 | D:5      | Killed an ice beast
  3487 | D:5      | Reached skill level 3 in Short Blades
  3487 | D:5      | Reached XP level 7. HP: 18/34 MP: 8/8
  3901 | D:6      | Reached skill level 4 in Short Blades
  3912 | D:6      | Noticed Grinder
  3918 | D:6      | Paralysed by Grinder for 5 turns
  4003 | D:6      | Killed Grinder
  4004 | D:6      | Reached skill level 5 in Short Blades
  4025 | D:6      | Gained mutation: You have razor-sharp teeth. [Vine Stalker
                  | growth]
  4025 | D:6      | Reached XP level 8. HP: 25/38 MP: 5/9
  4071 | D:6      | You fall into a shaft and drop 3 floors!
  4108 | D:9      | Noticed a two-headed ogre
  4134 | D:8      | Found Gepa's Assorted Antiques.
  4164 | D:8      | Reached skill level 6 in Short Blades
  4499 | D:6      | Reached skill level 7 in Short Blades
  4575 | D:6      | Noticed a two-headed ogre
  4855 | D:6      | Reached XP level 9. HP: 44/44 MP: 10/10
  4893 | D:6      | Mangled by a two-headed ogre

Illustrated notes

Levels and vault maps discovered:
D:1:      minmay_arrival_loop, layout_loops_ring
D:2:      layout_basic, serial_shops, nicolae_shop_statue_plus
D:3:      layout_basic, marbit_many_paths,
          nicolae_uskayaw_murder_on_the_dancefloor, gammafunk_ghost_split,
          shapermc_ecumenical_altar_rom_forum
D:4:      layout_basic, mainiacjoe_overflow_concentric_impassable,
          grunt_temple_overflow_open, kennysheep_crisscross
D:5:      layout_basic, nicolae_qazlal_scattered_showers,
          mainiacjoe_overflow_alcove_1, serial_shops, kennysheep_little_box,
          gup_sewer_entry_bowl
D:6:      layout_basic, minivault_4, chequers_serial_rivers_small_3,
          uniq_grinder
D:7:      layout_loops_ring, mainiacjoe_overflow_divided_tiny,
          minmay_temple_entry_wispy, item_on_display_a, uniq_joseph
D:8:      layout_loops_corners, serial_shops, nicolae_stop_n_shop_1,
          grunt_potential, uniq_psyche
D:9:      layout_layer_cave, orc_0_dummy, serial_shops, shop

Skill      XL: |  1  2  3  4  5  6  7  8 |
---------------+-------------------------+-----
Throwing       | 2 3 4 5 6 |  6.1
Short Blades   | 3 5 7 |  7.8
Fighting       | 3 |  3.5
Dodging        | |  0.7
Stealth        | |  4.8

Action                   |  1- 3 |  4- 6 |  7- 9 || total
-------------------------+-------+-------+-------++-------
Melee: Dagger            |    91 |   153 |   134 ||   378
       Bite              |    22 |    48 |    40 ||   110
Throw: Dart              |     4 |    29 |    28 ||    61
       Boomerang         |       |     4 |    19 ||    23
Evoke: Wand              |       |       |     2 ||     2
  Use: Scroll            |     3 |       |     6 ||     9
       Potion            |       |       |     1 ||     1
 Stab: Sleeping          |     6 |     7 |     1 ||    14
Armor: Robe              |    21 |    37 |    42 ||   100
Dodge: Dodged            |    43 |    76 |    70 ||   189

Table legend: (Time is in decaauts)
 A = Elapsed time spent in this place.
 B = Non-inter-level travel time spent in this place.
 C = Inter-level travel time spent in this place.
 D = Time resting spent in this place.
 E = Time spent auto-exploring this place.
 F = Levels seen in this place.
 G = Mean time per level.
                   A        B        C        D        E       F      G
               +--------+--------+--------+--------+--------+-----+--------+
         Total |   4824 |   4693 |    131 |    212 |   3367 |   9 |  536.0 |
       Dungeon |   4824 |   4693 |    131 |    212 |   3367 |   9 |  536.0 |
               +--------+--------+--------+--------+--------+-----+--------+

Top non-repeatable levels by time:
     D:2: 900 daAuts
     D:3: 812 daAuts
     D:6: 793 daAuts
     D:1: 725 daAuts
     D:5: 685 daAuts
     D:4: 592 daAuts
     D:7: 155 daAuts
     D:8: 102 daAuts
     D:9: 56 daAuts
